 Dungeon Crawl Stone Soup version 0.30.0-29-ga12c61a403 (webtiles) character file.

Game seed: 2468800901181809936

1922 Kranky the Covert (level 8, -3/43 HPs)
             Began as a Spriggan Hunter on June 10, 2023.
             Slain by Maggie
             ... wielding a +2 war axe of flaming
              (7 damage)
             ... on level 6 of the Dungeon.
             The game lasted 00:13:44 (6593 turns).

Kranky the Covert (Spriggan Hunter)                 Turns: 6593, Time: 00:13:45

Health: -3/43      AC:  3    Str:  7    XL:     8   Next: 96%
Magic:  9/9        EV: 25    Int: 11    God:
Gold:   403        SH:  0    Dex: 26    Spells: 7/7 levels left

rFire   . . .        s - +0 arbalest
rCold   . . .        (shield currently unavailable)
rNeg    . . .        c - +0 robe
rPois   .            (helmet restricted)
rElec   .            k - +0 cloak
rCorr   .            (gloves unavailable)
SInv    +            (boots unavailable)
Will    +....        (no amulet)
Stlth   +++++        m - +6 ring of dexterity
HPRegen 0.27/turn    (no ring)
MPRegen 0.11/turn

%: no passive effects
@: very quick
A: very small, no large weapons, unfitting armour, see invisible, speed 3
a: no special abilities


You were on level 6 of the Dungeon.
You visited 1 branch of the dungeon, and saw 6 of its levels.

You collected 403 gold pieces.

Inventory:

Hand Weapons
 a - a +0 shortbow
 e - a +1 dagger of venom
 s - a +0 arbalest (weapon)
Armour
 c - a +0 robe (worn)
 k - a +0 cloak (worn)
Jewellery
 m - a +6 ring of dexterity (left hand)
 t - a +6 ring of intelligence
Scrolls
 b - 2 scrolls of immolation
 d - 2 scrolls of vulnerability {unknown}
 g - 3 scrolls of magic mapping {unknown}
 h - a scroll of noise {unknown}
 j - 3 scrolls of blinking {unknown}
 l - a scroll of identify {unknown}
 n - a scroll of poison {unknown}
Potions
 f - a potion of might {unknown}
 i - 3 potions of cancellation
 o - a potion of berserk rage {unknown}
 p - 3 potions of curing {unknown}
 q - a potion of attraction {unknown}
 r - a potion of resistance {unknown}
 u - a potion of ambrosia {unknown}
 v - a potion of brilliance {unknown}


   Skills:
 + Level 5.0 Fighting
 + Level 7.1 Ranged Weapons
 + Level 8.0 Dodging
 + Level 9.2 Stealth


You had 7 spell levels left.
You didn't know any spells.
Your spell library contained the following spells:

 Spells                   Type           Power      Damage    Failure   Level
 Freeze                   Ice            0%         1d3       34%         1
 Necrotise                Necr           0%         1d4       34%         1
 Frozen Ramparts          Ice            0%         1d1       71%         3
 Hailstorm                Conj/Ice       0%         3d3       71%         3
 Vampiric Draining        Necr           0%         2d6       71%         3
 Agony                    Necr           0%         N/A       100%        5


Dungeon Overview and Level Annotations

Branches:
Dungeon (6/15)
 Temple: D:4-7

Altars:
Gozag
Hepliaklqana
Kikubaaqudgha
Makhleb
Nemelex Xobeh
Sif Muna
Uskayaw
Zin

Shops:
D:1 *   D:4 :   D:5 *

Annotations:
D:6 Maggie


Innate Abilities, Weirdness & Mutations

You are very small and have problems with some larger weapons.
You are too small for most types of armour.
You have supernaturally acute eyesight. (SInv)
You cover ground extremely quickly. (Speed+++)


Message History

Maggie is moderately wounded.
The phantom hits you.
The phantom blinks!
You blink.
You shoot a bolt.
The bolt hits the phantom but does no damage.
The phantom completely misses you.
Maggie shouts, "Leave me alone!"
Maggie barely misses you. The phantom hits you.
Fire: s) +0 arbalest
Press: ? - help, Shift-Dir - straight line, f/p - phantom
Aim: a phantom (57% to hit)
You shoot a bolt. The bolt hits the phantom!
The phantom is heavily damaged.
Maggie practices a pose.
Maggie zaps a wand.
Your will is overpowered!
You are confused.
The phantom barely misses you. x2; Maggie completely misses you.
You bump into the rock wall.
The phantom closely misses you. Maggie misses you.
You bump into the rock wall.
The phantom closely misses you. Maggie misses you.
You clumsily bash Maggie but do no damage.
Maggie is moderately wounded.
You break out of your daze.
The phantom barely misses you. Maggie completely misses you.
Maggie zaps a wand.
You resist with almost no effort. The phantom misses you.
The phantom misses you.
Maggie points at you and mumbles some strange words.
The bolt of fire misses you.
You're too confused to move!
The phantom completely misses you.
Maggie gestures wildly while chanting.
Maggie attempts to bespell you! You resist with almost no effort.
You feel less confused.
Maggie says, "If you die in the Dungeon, but nobody's around to see it, does it really matter?"
Maggie closely misses you. The phantom completely misses you.
There is nothing to cancel.
You shoot a bolt. The bolt barely misses Maggie.
Maggie points at you and mumbles some strange words.
The bolt of fire misses you. The phantom hits you. The phantom misses you.
Maggie hits you with a +2 war axe of flaming!!
* * * LOW HITPOINT WARNING * * *
Maggie burns you!
You die...

...# #..# #....########..#
..<..#.....@..#
######....#....##..#
#....#....'....##..#
#....#...##.....+..#
#######....#...##....##..#
#.........W'...####'###..+
#........@.#.........###+#
#........@.#.........# .
#.<.....)..#.........# ..
#.)........#.g.......# ...
#..........#...####### ...
#..........#...# ...
#..........#.........#
#######....#.........+
#....######....#


You could see Maggie and a phantom.

Vanquished Creatures
  Grinder (D:3)
  A yak (D:5)
  A water moccasin (D:4)
  2 ice beasts
  3 black bears (D:5)
  An ogre (D:5)
  A bullfrog (D:6)
  2 scorpions (D:5)
  A howler monkey (D:6)
  2 hounds (D:5)
  A jelly (D:6)
  An orc priest (D:4)
  A gnoll bouda (D:6)
  Jessica (D:2)
  3 iguanas
  Natasha (thrice) (D:3)
  3 orc wizards (D:4)
  8 gnolls (D:6)
  9 adders
  A shadow imp (D:6)
  A white imp (D:6)
  An ufetubus (D:5)
  2 worms
  4 dart slugs
  20 orcs
  6 endoplasms
  2 giant cockroaches (D:2)
  8 goblins
  9 hobgoblins
  4 kobolds
  4 quokkas
  9 ball pythons
  10 bats
  A frilled lizard (D:2)
  4 rats
131 creatures vanquished.

Notes
Turn   | Place    | Note
-------+----------+-------------------------------------------
     0 | D:1      | Kranky the Spriggan Hunter began the quest for the Orb.
     0 | D:1      | Reached XP level 1. HP: 10/10 MP: 2/2
   104 | D:1      | Reached skill level 2 in Stealth
   176 | D:1      | Reached XP level 2. HP: 15/15 MP: 3/3
   389 | D:1      | Found Alogaum's General Store.
   627 | D:2      | Reached XP level 3. HP: 18/18 MP: 4/4
   663 | D:2      | Found a hide-covered altar of Uskayaw.
   704 | D:2      | Reached skill level 3 in Stealth
   845 | D:2      | Noticed Jessica
   856 | D:2      | Killed Jessica
   857 | D:2      | Reached XP level 4. HP: 23/23 MP: 5/5
  1262 | D:3      | Noticed Grinder
  1268 | D:3      | Paralysed by Grinder for 4 turns
  1911 | D:3      | Noticed Natasha
  1917 | D:3      | Killed Natasha
  1918 | D:3      | Reached skill level 4 in Stealth
  1918 | D:3      | Reached XP level 5. HP: 26/27 MP: 6/6
  1987 | D:3      | Paralysed by Grinder for 3 turns
  1991 | D:3      | Killed Grinder
  1992 | D:3      | Reached skill level 5 in Ranged Weapons
  1992 | D:3      | Reached skill level 5 in Stealth
  1992 | D:3      | Reached XP level 6. HP: 21/32 MP: 7/7
  2783 | D:3      | Noticed Natasha
  2788 | D:3      | Killed Natasha
  2789 | D:3      | Reached skill level 5 in Dodging
  3047 | D:3      | Noticed Natasha
  3053 | D:3      | Killed Natasha
  3665 | D:4      | Found a burning altar of Makhleb.
  4052 | D:4      | Noticed a water moccasin
  4206 | D:4      | Killed a water moccasin
  4207 | D:4      | Reached skill level 6 in Stealth
  4207 | D:4      | Reached XP level 7. HP: 36/36 MP: 8/8
  4513 | D:4      | Found Lohimom's Book Shoppe.
  4710 | D:5      | Entered Level 5 of the Dungeon
  4838 | D:5      | Found an ancient bone altar of Kikubaaqudgha.
  4842 | D:5      | Found Zin's Purification Station.
  4843 | D:5      | Noticed a yak
  4845 | D:5      | Noticed a yak
  4846 | D:5      | Noticed a yak
  4847 | D:5      | Noticed a yak
  4848 | D:5      | Noticed a yak
  5174 | D:5      | Killed a yak
  5175 | D:5      | Reached skill level 7 in Stealth
  5308 | D:5      | Reached XP level 8. HP: 42/42 MP: 9/9
  5511 | D:5      | Reached skill level 8 in Stealth
  5571 | D:5      | Found a glowing silver altar of Zin.
  5720 | D:5      | Found an opulent altar of Gozag.
  5870 | D:5      | Found a hazy altar of Hepliaklqana.
  5871 | D:5      | Found a hide-covered altar of Uskayaw.
  5874 | D:5      | Found a sparkling altar of Nemelex Xobeh.
  6133 | D:6      | Reached skill level 9 in Stealth
  6205 | D:6      | Found a shimmering blue altar of Sif Muna.
  6245 | D:6      | Noticed Maggie
  6470 | D:5      | Reached skill level 5 in Fighting
  6593 | D:6      | Slain by Maggie

Illustrated notes

Levels and vault maps discovered:
D:1:      mrwooster_arrival_arrow, layout_basic, serial_shops,
          nicolae_shop_crystal, minmay_door_square
D:2:      layout_loops_ring, basic_altar, minmay_fountain_box, uniq_jessica
D:3:      layout_loops_corners, uniq_grinder, uniq_natasha
D:4:      layout_loops_cross, bloody_makhleb, serial_glass, glass_columns_b,
          glass_columns_c, serial_shops, kennysheep_mini,
          nicolae_figureground_sparkle
D:5:      layout_basic, nicolae_overflow_crystal_walls, zin_purify, minitemple,
          corexii_leaking_fountain, minmay_crystal_room, corexii_shack
D:6:      layout_gridville, lemuel_blue_sif_altar, uniq_maggie

Skill      XL: |  1  2  3  4  5  6  7  8 |
---------------+-------------------------+-----
Stealth        | 2 3 4 5 6 7 9 |  9.2
Dodging        | 3 4 5 6 8 |  8.0
Fighting       | 2 3 4 5 |  5.0
Ranged Weapons | 5 6 7 |  7.1

Action                     |  1- 3 |  4- 6 |  7- 9 || total
---------------------------+-------+-------+-------++-------
  Melee: Arbalest          |       |       |     1 ||     1
   Fire: Shortbow          |    88 |   152 |   162 ||   402
         Arbalest          |       |       |    79 ||    79
    Use: Potion            |       |       |     1 ||     1
 Armour: Robe              |     2 |     3 |     6 ||    11
  Dodge: Dodged            |    26 |    25 |   129 ||   180
